 Dungeon Crawl Stone Soup version 0.27-a0-1200-g94dc6ad4cf (webtiles) character file.

Game seed: 14516628769831113000

165 Lanoc the Shooter (level 5, 0/49 HPs)
             Began as a Naga Hunter on June 1, 2021.
             Was a Believer of Yredelemnul.
             Slain by a hornet zombie (9 damage)
             ... on level 4 of the Dungeon.
             The game lasted 00:05:21 (2762 turns).

Lanoc the Shooter (Naga Hunter)                     Turns: 2762, Time: 00:05:22

Health: 0/49       AC:  5    Str: 14    XL:     5   Next: 46%
Magic:  7/7        EV: 10    Int: 11    God:    Yredelemnul [**....]
Gold:   108        SH:  0    Dex: 13    Spells: 4/4 levels left

rFire    . . .     SeeInvis +   a - +1 shortbow
rCold    . . .     Faith    .   (shield currently unavailable)
rNeg     . . .     Spirit   .   b - +2 leather armour {Will+}
rPois    +         Reflect  .   (no helmet)
rElec    .         Harm     .   (no cloak)
rCorr    .         Rampage  .   (no gloves)
Will     +....                  (no barding)
Stlth    ++........             (no amulet)
HPRegen  0.16/turn              (no ring)
MPRegen  0.10/turn              (no ring)

@: very slow
A: AC +1, large, see invisible, deformed body, poison resistance, slowness 2,
spit poison 1, naga tail 1
a: Spit Poison, Renounce Religion, Animate Remains, Recall Undead Slaves, Injury
Mirror


You were on level 4 of the Dungeon.
You worshipped Yredelemnul.
Yredelemnul was pleased with you.
You visited 1 branch of the dungeon, and saw 4 of its levels.

You collected 108 gold pieces.

Inventory:

Hand Weapons
 a - a +1 shortbow (weapon)
 o - a +1 short sword of freezing
Missiles
 d - 6 arrows (quivered ammo)
Armour
 b - a +2 leather armour of willpower (worn)
Scrolls
 e - 2 scrolls of amnesia {unknown}
 h - a scroll of fear {unknown}
 i - a scroll of immolation {unknown}
 l - a scroll of identify {unknown}
 n - 2 scrolls of teleportation {unknown}
 p - a scroll of vulnerability {unknown}
 q - a scroll of fog {unknown}
Potions
 c - a potion of brilliance {unknown}
 f - 2 potions of curing {unknown}
 g - a potion of heal wounds {unknown}
 j - a potion of might {unknown}
 k - 3 potions of lignification {unknown}
 m - a potion of berserk rage {unknown}


   Skills:
 + Level 3.1 Fighting
 - Level 4.2 Bows
 + Level 2.5 Dodging
 - Level 1.5 Stealth
 * Level 2.7 Invocations


You had 4 spell levels left.
You didn't know any spells.
Your spell library was empty.

Dungeon Overview and Level Annotations

Branches:
Dungeon (4/15)
 Temple: D:4-7

Altars:
Dithmenos
Yredelemnul
Zin

Annotations:
D:3 1 runed translucent door, pilgrim's ghost, amateur DEHu


Innate Abilities, Weirdness & Mutations

Your serpentine skin is tough. (AC +1)
You have supernaturally acute eyesight. (SInv)
Armour fits poorly on your strangely shaped body.
Your system is resistant to poisons. (rPois)
You cover ground very slowly.
You can spit poison.
You have a snake-like lower body.


Message History

The hornet zombie closely misses you.
You shoot an arrow.
The arrow barely misses the hornet zombie.
The hornet zombie barely misses you.
You shoot an arrow. The arrow hits the hornet zombie.
The hornet zombie is lightly damaged.
The hornet zombie hits you.
The hornet zombie hits you but does no damage.
You shoot an arrow.
The arrow hits the hornet zombie but does no damage.
The hornet zombie is lightly damaged.
The hornet zombie barely misses you.
You shoot an arrow.
The arrow hits the hornet zombie but does no damage.
The hornet zombie is lightly damaged.
The hornet zombie hits you!
You shoot an arrow. The arrow hits the hornet zombie.
The hornet zombie is moderately damaged.
The hornet zombie misses you. The hornet zombie hits you!
You shoot an arrow.
The arrow closely misses the hornet zombie.
The hornet zombie hits you but does no damage.
You shoot an arrow.
The arrow hits the hornet zombie but does no damage.
The hornet zombie is moderately damaged.
The hornet zombie barely misses you. The hornet zombie closely misses you.
You shoot an arrow. The arrow hits the hornet zombie.
The hornet zombie is moderately damaged.
The hornet zombie barely misses you.
You shoot an arrow.
The arrow hits the hornet zombie but does no damage.
The hornet zombie is moderately damaged.
The hornet zombie hits you!
You are too injured to fight recklessly!
The hornet zombie hits you. The hornet zombie hits you!
* * * LOW HITPOINT WARNING * * *
The hornet zombie hits you!
You die...
Your body rises from the dead as a mindless zombie.

...........
..........
.........
#.....#
#(....#
#.....#
#.....#
######Z....#
#....@######
#....<#
#.....#
#...[.#
#.....#
#######


You could see a hornet zombie.

Vanquished Creatures
  2 orc wizards (D:3)
  3 adders
  A worm (D:3)
  2 dart slugs
  12 orcs (D:3)
  6 ball pythons
  2 endoplasms
  4 giant cockroaches
  5 goblins
  10 jackals
  8 kobolds
  A quokka (D:1)
  5 bats
  2 frilled lizards (D:3)
  5 rats
68 creatures vanquished.

Vanquished Creatures (others)
  A plant (D:2)
  5 withered plants (D:2)
6 creatures vanquished.

Grand Total: 74 creatures vanquished

Notes
Turn   | Place    | Note
-------+----------+-------------------------------------------
     0 | D:1      | Lanoc the Naga Hunter began the quest for the Orb.
     0 | D:1      | Reached XP level 1. HP: 19/19 MP: 1/1
   344 | D:1      | Reached XP level 2. HP: 26/26 MP: 2/2
   752 | D:2      | Reached skill level 4 in Bows
   752 | D:2      | Reached XP level 3. HP: 33/33 MP: 3/3
  1146 | D:2      | Found a faded altar of an unknown god.
  1183 | D:2      | Became a worshipper of Yredelemnul the Dark
  1183 | D:2      | Reached * piety under Yredelemnul
  1514 | D:3      | Reached XP level 4. HP: 40/40 MP: 4/4
  1682 | D:3      | Found a glowing silver altar of Zin.
  1690 | D:3      | Reached skill level 1 in Invocations
  1702 | D:3      | Reached XP level 5. HP: 32/49 MP: 6/6
  2048 | D:3      | Found a runed translucent door.
  2125 | D:3      | Reached ** piety under Yredelemnul
  2379 | D:3      | Found a shadowy altar of Dithmenos.
  2471 | D:3      | Noticed pilgrim's ghost (amateur DEHu)
  2762 | D:4      | Slain by a hornet zombie

Illustrated notes

Levels and vault maps discovered:
D:1:      eino_arrival_druids_welcome, layout_basic, serial_glass,
          glass_columns_c, glass_columns_b, item_on_display_a,
          due_unseen_surprise, minmay_misc_feat_four_crosses
D:2:      layout_basic, shapermc_ecumenical_altar_flowoftime,
          grunt_decor_junction, corexii_shack
D:3:      layout_basic, old_standard_altar,
          nicolae_dithmenos_through_a_glass_darkly,
          ebering_ghost_reflecting_pool, roderic_lattice_a
D:4:      layout_gridville, serial_shops, shop, sigmund_edmund_badplayer

Skill      XL: |  1  2  3  4 |
---------------+-------------+-----
Bows           | 4 |  4.2
Dodging        | 2 |  2.5
Invocations    | 2 |  2.7
Fighting       | 3 |  3.1
Stealth        | |  1.5

Action                   |  1- 3 |  4- 6 || total
-------------------------+-------+-------++-------
Melee: Short sword       |    26 |       ||    26
 Fire: Shortbow          |    62 |    85 ||   147
 Abil: Spit Poison       |    17 |    17 ||    34
Armor: Leather armour    |     4 |    13 ||    17
Dodge: Dodged            |     5 |    36 ||    41

Table legend: (Time is in decaauts)
 A = Elapsed time spent in this place.
 B = Non-inter-level travel time spent in this place.
 C = Inter-level travel time spent in this place.
 D = Time resting spent in this place.
 E = Time spent auto-exploring this place.
 F = Levels seen in this place.
 G = Mean time per level.
                   A        B        C        D        E       F      G
               +--------+--------+--------+--------+--------+-----+--------+
         Total |   3636 |   3575 |     61 |      0 |   3141 |   4 |  909.0 |
       Dungeon |   3636 |   3575 |     61 |      0 |   3141 |   4 |  909.0 |
               +--------+--------+--------+--------+--------+-----+--------+

Top non-repeatable levels by time:
     D:3: 1590 daAuts
     D:1: 1013 daAuts
     D:2: 1007 daAuts
     D:4: 26 daAuts
